 Dungeon Crawl Stone Soup version 0.25.0-10-g039870ee82 (webtiles) character file.

Game seed: 10837797709407884892

7326 Jakers the Earth Mage (level 11, -14/54 HPs)
             Began as a Gargoyle Earth Elementalist on June 24, 2020.
             Was a Believer of Vehumet.
             Killed from afar by a fire dragon (34 damage)
             ... with a blast of flame
             ... on level 10 of the Dungeon.
             The game lasted 00:22:29 (10151 turns).

Jakers the Earth Mage (GrEE)                       Turns: 10151, Time: 00:22:29

Health: -14/54     AC: 18    Str: 16    XL:     11   Next: 13%
Magic:  0/14       EV: 12    Int: 18    God:    Vehumet [**....]
Gold:   622        SH:  5    Dex: 17    Spells: 6/15 levels left

rFire    . . .     SeeInvis .   B - +2 trident "Yphich" {venom, Str+3 Dex+7}
rCold    . . .     Gourm    .   D - +0 buckler
rNeg     + . .     Faith    .   C - +1 troll leather armour
rPois    ∞         Spirit   +   (no helmet)
rElec    +         Reflect  .   (no cloak)
rCorr    .         Harm     .   r - +0 pair of gloves
MR       .....                  (no boots)
Stlth    ++........             K - amulet of guardian spirit
HPRegen  0.58/turn              s - +4 ring of slaying
MPRegen  0.14/turn              O - +4 ring of protection

@: about to teleport
A: negative energy resistance 1, electricity resistance, unbreathing,
petrification resistance, rot immunity, AC +8
a: Renounce Religion


You were on level 10 of the Dungeon.
You worshipped Vehumet.
Vehumet was pleased with you.
You were not hungry.

You visited 1 branch of the dungeon, and saw 10 of its levels.

You collected 622 gold pieces.

Inventory:

Hand Weapons
 w - a +5 quarterstaff of chaos
 B - the +2 trident "Yphich" (weapon) {venom, Str+3 Dex+7}
   (You found it on level 6 of the Dungeon)

   It poisons the flesh of those it strikes.
   It affects your strength (+3).
   It affects your dexterity (+7).
Missiles
 b - 190 stones (quivered)
 f - 10 poisoned darts
Armour
 c - a +0 robe
 e - a +2 kite shield
 r - a +0 pair of gloves (worn)
 v - a +2 robe of magic resistance
 C - a +1 troll leather armour (worn)
 D - a +0 buckler (worn)
Jewellery
 h - a cursed ring of teleportation
 q - an uncursed ring of fire
 s - a +4 ring of slaying (left hand)
 y - an uncursed ring of flight {unknown}
 A - an uncursed ring of poison resistance {unknown}
 K - an amulet of guardian spirit (around neck)
 N - an uncursed ring of protection from cold
 O - a +4 ring of protection (right hand)
Wands
 i - a wand of digging (6)
 t - a wand of acid (22)
 x - a wand of flame (14)
 E - a wand of random effects (44)
 H - a wand of clouds (5)
 J - a wand of paralysis (21)
Scrolls
 a - 6 scrolls of enchant weapon
 g - 2 scrolls of teleportation
 k - 5 scrolls of remove curse
 l - 3 scrolls of immolation
 o - 2 scrolls of identify
 p - 2 scrolls of enchant armour
Potions
 j - 3 potions of might {unknown}
 m - 2 potions of magic
 n - 4 potions of mutation {unknown}
 u - 2 potions of heal wounds {unknown}
 z - 4 potions of brilliance {unknown}
 G - 2 potions of flight {unknown}
 I - a potion of degeneration {unknown}
Comestibles
 d - 14 rations


   Skills:
 - Level 0.1 Fighting
 - Level 7.9 Staves
 - Level 1.6 Dodging
 - Level 2.3 Stealth
 + Level 2.8 Shields
 - Level 0.3 Unarmed Combat
 - Level 2.5 Spellcasting
   Level 0.7 Transmutations
 - Level 16.3 Earth Magic


You had 6 spell levels left.
You knew the following spells:

 Your Spells              Type           Power        Failure   Level  Hunger
a - Sandblast             Erth           ######       1%          1    #......
b - Lee's Rapid Deconstr  Erth           ######....   1%          5    ######.
c - Stone Arrow           Conj/Erth      ####..       2%          3    ###....

Your spell library contained the following spells:

 Spells                   Type           Power        Failure   Level  Hunger
 Frozen Ramparts          Ice            #.....       58%         3    ###....
 Passwall                 Tmut/Erth      ####....     1%          2    ##.....
 Petrify                  Tmut/Erth      ####....     8%          4    #####..


Dungeon Overview and Level Annotations

Branches:
Dungeon (10/15)            Temple (0/1) D:6
   Lair: D:8-11         Orc: D:9-12

Altars:
Hepliaklqana
Kikubaaqudgha
Qazlal
Sif Muna
Uskayaw
Vehumet
Wu Jian

Shops:
D:4 (

Annotations:
D:6 Eustachio


Innate Abilities, Weirdness & Mutations

You are resistant to torment.
Your stone body is resilient. (AC +8)
You are immune to poison.
You resist negative energy. (rN+)
You are resistant to electric shocks. (rElec)
You can survive without breathing.
You are immune to petrification.
You are immune to rotting.


Message History

You kill the electric eel!
Vehumet accepts your kill.
You hear a splash.
No target in view!
No target in view!
A fire dragon comes into view.
Found 27 gold pieces.
A fire dragon is nearby!
A phantom comes into view.
The fire dragon roars deafeningly!
Found 31 gold pieces and a purple potion.
The fire dragon breathes flames at you. The blast of flame hits you!!!
Ouch! That really hurt!
As you read the scroll of teleportation, it crumbles to dust.
You feel strangely unstable. The fire dragon breathes flames at you.
The blast of flame hits you!!!
Ouch! That really hurt!
You die...

#...≈≈≈≈≈≈≈#
##...≈≈≈≈≈≈≈
#≈≈.≈≈≈≈≈≈#
#.
#≈≈≈D≈≈W.≈#
##.#
#≈≈≈§..%..#
#...
#≈≈......#
#..#
#........#
#...
#.......##
#..#
##..@...#
#..#####
#......#
#.......
##....##
#..####.
##..## #..#
#. #..# #..#
#. ##.#
#..##### #.#
#....# #.##
#..#.# #..#
#..#.###


You could see a fire dragon (catching breath) and a phantom.

Vanquished Creatures
  2 two-headed ogres (D:9)
  An unseen horror (D:10)
  2 trolls
  A hornet (D:8)
  Grinder (D:4)
  A hippogriff (D:9)
  A vampire (D:10)
  A spriggan (D:8)
  4 yaks (D:9)
  3 sky beasts (D:8)
  An orc warrior (D:8)
  An ice beast (D:10)
  3 phantoms
  4 centaurs
  3 ogres (D:7)
  The ghost of IHuginn the Sneak, an amateur OpAs (D:3)
  3 big kobolds
  6 bullfrogs
  A scorpion (D:5)
  5 killer bees (D:9)
  An electric eel (D:10)
  2 howler monkeys
  3 crimson imps
  A quasit (D:9)
  A bullfrog zombie (D:7)
  2 jellies (D:8)
  2 hounds
  Crazy Yiuf (D:3)
  2 orc priests
  A bullfrog skeleton (D:8)
  3 centaur skeletons
  Ijyb (D:5)
  2 iguanas
  3 orc wizards
  5 worker ants
  A killer bee zombie (D:10)
  A hound zombie (D:6)
  2 howler monkey zombies (D:7)
  4 gnolls
  2 howler monkey skeletons
  6 adders
  4 shadow imps
  2 oozes
  3 adder zombies
  3 worms
  3 dart slugs
  7 leopard geckos
  17 orcs
  5 giant cockroaches
  8 goblins
  10 hobgoblins
  14 jackals
  9 kobolds
  4 quokkas
  A ball python (D:3)
  6 bats
  5 frilled lizards
  A leopard gecko skeleton (D:4)
  A leopard gecko zombie (D:6)
  A quokka zombie (D:7)
  7 rats
202 creatures vanquished.

Notes
Turn   | Place    | Note
-------+----------+-------------------------------------------
     0 | D:1      | Jakers the Gargoyle Earth Elementalist began the quest for
                  | the Orb.
     0 | D:1      | Reached XP level 1. HP: 10/10 MP: 3/3
   166 | D:1      | Reached skill level 4 in Earth Magic
   192 | D:1      | Reached XP level 2. HP: 5/15 MP: 0/5
   694 | D:1      | Reached XP level 3. HP: 19/19 MP: 2/6
  1655 | D:2      | Reached skill level 5 in Earth Magic
  1659 | D:2      | Reached XP level 4. HP: 24/24 MP: 0/7
  2510 | D:3      | Reached skill level 6 in Earth Magic
  2510 | D:3      | Reached XP level 5. HP: 28/28 MP: 6/8
  2617 | D:3      | Found a runed translucent door.
  2617 | D:3      | Noticed IHuginn's ghost (amateur OpAs)
  2669 | D:3      | Found a glowing drain.
  2698 | D:3      | Killed IHuginn's ghost
  2698 | D:3      | Reached skill level 7 in Earth Magic
  2921 | D:3      | Found a runed translucent door.
  2922 | D:3      | Noticed Crazy Yiuf
  2927 | D:3      | Killed Crazy Yiuf
  2927 | D:3      | Reached XP level 6. HP: 32/32 MP: 6/9
  3408 | D:4      | Found Weghoman's Weapon Emporium.
  3555 | D:4      | Noticed Grinder
  3559 | D:4      | Paralysed by Grinder for 4 turns
  3566 | D:4      | Killed Grinder
  3566 | D:4      | Reached skill level 9 in Earth Magic
  3566 | D:4      | Reached XP level 7. HP: 25/36 MP: 8/10
  3700 | D:4      | Reached skill level 1 in Staves
  3795 | D:4      | Found a radiant altar of Vehumet.
  3817 | D:4      | Became a worshipper of Vehumet
  3898 | D:4      | Learned a level 5 spell: Lee's Rapid Deconstruction
  4257 | D:5      | Entered Level 5 of the Dungeon
  4702 | D:5      | Noticed a troll
  4715 | D:5      | HP: 1/36 [troll (7)]
  5072 | D:5      | Noticed Ijyb
  5079 | D:5      | Killed Ijyb
  5180 | D:5      | Reached skill level 5 in Staves
  5180 | D:5      | Reached XP level 8. HP: 28/41 MP: 11/11
  5695 | D:5      | Killed a troll
  6103 | D:6      | Got a dazzling trident
  6106 | D:6      | Identified the cursed +2 trident "Yphich" {venom, Str+3
                  | Dex+7} (You found it on level 6 of the Dungeon)
  6293 | D:6      | Found a staircase to the Ecumenical Temple.
  6320 | D:6      | Noticed Eustachio
  6611 | D:7      | Reached XP level 9. HP: 45/45 MP: 9/12
  6752 | D:7      | Reached skill level 10 in Earth Magic
  7098 | D:7      | Reached * piety under Vehumet
  7098 | D:7      | Offered knowledge of Foxfire by Vehumet.
  7395 | D:8      | Reached skill level 11 in Earth Magic
  7558 | D:8      | Reached skill level 12 in Earth Magic
  7833 | D:8      | Noticed a hornet
  7840 | D:8      | Killed a hornet
  7949 | D:8      | Found a faded altar of an unknown god.
  7949 | D:8      | Found an ancient bone altar of Kikubaaqudgha.
  7954 | D:8      | Found an ornate altar of the Wu Jian Council.
  7956 | D:8      | Found a shimmering blue altar of Sif Muna.
  7958 | D:8      | Found a faded altar of an unknown god.
  8202 | D:9      | Reached skill level 13 in Earth Magic
  8226 | D:9      | Reached XP level 10. HP: 50/50 MP: 13/13
  8351 | D:9      | Learned a level 3 spell: Stone Arrow
  8363 | D:9      | Noticed a two-headed ogre
  8368 | D:9      | Killed a two-headed ogre
  8368 | D:9      | Reached skill level 14 in Earth Magic
  8370 | D:9      | Reached ** piety under Vehumet
  8370 | D:9      | Offered knowledge of Shock by Vehumet.
  8673 | D:10     | Entered Level 10 of the Dungeon
  8690 | D:9      | Noticed a two-headed ogre
  8695 | D:9      | Found a hide-covered altar of Uskayaw.
  8887 | D:9      | Killed a two-headed ogre
  9065 | D:9      | Reached skill level 15 in Earth Magic
  9302 | D:9      | Found a hazy altar of Hepliaklqana.
  9303 | D:9      | Found a stormy altar of Qazlal.
  9546 | D:10     | Killed an unseen horror
  9546 | D:10     | Reached skill level 16 in Earth Magic
  9546 | D:10     | Reached XP level 11. HP: 15/54 MP: 6/14
  9823 | D:10     | Offered knowledge of Frozen Ramparts by Vehumet.
  9824 | D:10     | Reached skill level 1 in Shields
 10145 | D:10     | Noticed a fire dragon
 10151 | D:10     | Killed from afar by a fire dragon

Illustrated notes

Levels and vault maps discovered:
D:1:      dpeg_arrival_leaves_temple_mockup, layout_basic
D:2:      layout_basic, cheibrodos_gnoll_hut
D:3:      layout_loops_ring, portal_sewer_entry_b, ebering_ghost_inner_flame,
          kennysheep_cross_bottleneck, uniq_crazy_yiuf_cottage
D:4:      layout_basic, vehumet_altar_wand_db, serial_shops,
          nicolae_shop_behind_doors, serial_co_window_serial, co_window_cross_1,
          co_window_corner_a, co_window_corner_a, co_window_paths_b,
          co_window_cross_1, co_window_unsneaky_path_b, co_window_2corner,
          co_window_corner_ca, co_window_of_opportunity_b, co_window_2corner,
          glass_columns_c, glass_columns_b, glass_columns_a, uniq_grinder
D:5:      layout_cave_pods, first_ration, uniq_ijyb
D:6:      layout_cave_pools, minmay_temple_entry_mini_moons, uniq_eustachio
D:7:      layout_cave_pods, serial_bayou_pond_b
D:8:      layout_loops_cross, chequers_temple_overflow_minitemple, the_bakery
D:9:      layout_loops_ring, nicolae_overflow_hidden_temple, minitemple
D:10:     dragon1_lemuel, layout_loops_ring, ebering_ghost_inner_flame,
          minmay_between

Skill      XL: |  1  2  3  4  5  6  7  8  9 10 11 |
---------------+----------------------------------+-----
Earth Magic    | 4 5 6 7 9 13 16 | 16.3
Staves         | 5 7 |  7.9
Shields        | 2 |  2.8
Fighting       | |  0.1
Dodging        | |  1.6
Stealth        | |  2.3
Unarmed Combat | |  0.3
Spellcasting   | |  2.5
Transmutations | |  0.7

Action                   |  1- 3 |  4- 6 |  7- 9 | 10-12 || total
-------------------------+-------+-------+-------+-------++-------
Melee: Unarmed           |    14 |     7 |       |       ||    21
       Club              |       |     4 |       |       ||     4
       Quarterstaff      |       |    30 |    76 |       ||   106
       Trident           |       |       |   176 |    73 ||   249
 Cast: Sandblast         |    55 |    41 |    41 |    22 ||   159
       Lee's Rapid Decon |       |       |    11 |    18 ||    29
       Stone Arrow       |       |       |       |     2 ||     2
  Use: Potion            |       |       |     3 |     2 ||     5
       Scroll            |       |       |     3 |    16 ||    19
 Stab: Paralysed         |       |     2 |     2 |       ||     4
       Sleeping          |       |       |     5 |     1 ||     6
       Distracted        |       |       |     1 |       ||     1
  Eat: Chunk             |     3 |     6 |    17 |    10 ||    36
       Ration            |       |       |     1 |     1 ||     2
Armor: Robe              |    10 |    15 |    30 |       ||    55
       Troll leather arm |       |       |    66 |    85 ||   151
Dodge: Dodged            |    26 |    26 |   143 |    60 ||   255
Block: Buckler           |     3 |     1 |    29 |    18 ||    51
